 Dungeon Crawl Stone Soup version 0.28.0-45-g0d030f2227 (webtiles) character file.

Game seed: 2681568855683888570

76 Icepheonix32 the Chiller (level 4, -2/32 HPs)
             Began as a Demonspawn Ice Elementalist on Apr 16, 2022.
             Slain by a gnoll
             ... wielding a +0 spear
              (4 damage)
             ... on level 2 of the Dungeon.
             The game lasted 00:03:15 (2137 turns).

Icepheonix32 the Chiller (DsIE)                     Turns: 2137, Time: 00:03:16

Health: -2/32      AC:  6    Str: 10    XL:     4   Next: 12%
Magic:  6/8        EV: 11    Int: 17    God:
Gold:   48         SH:  0    Dex: 13    Spells: 4/8 levels left

rFire   . . .      SeeInvis .   f - +0 dagger
rCold   . . .      Faith    .   (no shield)
rNeg    . . .      Spirit   .   g - +0 leather armour {rPois}
rPois   +          Reflect  .   b - +2 helmet
rElec   .          Harm     .   (no cloak)
rCorr   .          Rampage  .   (no gloves)
Will    .....                   (no boots)
Stlth   ++........              (no amulet)
HPRegen 0.10/turn               e - ring of poison resistance
MPRegen 0.11/turn               (no ring)

@: no status effects
A: hooves 1, ignite blood 1
a: no special abilities


You were on level 2 of the Dungeon.
You visited 1 branch of the dungeon, and saw 2 of its levels.

You collected 48 gold pieces.

Inventory:

Hand Weapons
 f - a +0 dagger (weapon)
Armour
 a - a +0 robe
 b - a +2 helmet (worn)
 g - a +0 leather armour of poison resistance (worn)
Magical Staves
 j - a staff of fire
Jewellery
 e - a ring of poison resistance (left hand)
Scrolls
 c - a scroll of fear
 d - a scroll of brand weapon {unknown}
 i - a scroll of identify {unknown}
Potions
 h - 2 potions of curing {unknown}


   Skills:
 * Level 1.4 Fighting
 + Level 0.3 Short Blades
 + Level 0.4 Armour
 + Level 2.0 Dodging
 + Level 2.0 Stealth
 + Level 0.1 Unarmed Combat
 + Level 2.7 Spellcasting
 * Level 4.1 Ice Magic


You had 4 spell levels left.
You knew the following spells:

 Your Spells              Type           Power      Damage    Failure   Level
a - Freeze                Ice            64%        1d8       4%          1
b - Ozocubu's Armour      Ice            16%        N/A       14%         3

Your spell library contained the following spells:

 Spells                   Type           Power      Damage    Failure   Level
 Frozen Ramparts          Ice            32%        1d5       14%         3
 Hailstorm                Conj/Ice       9%         3d4       71%         4
 Summon Forest            Summ/Tloc      1%         N/A       100%        5
 Summon Mana Viper        Hex/Summ       2%         N/A       100%        5
 Summon Cactus Giant      Summ           1%         N/A       100%        6


Dungeon Overview and Level Annotations

Branches:
Dungeon (2/15)

Altars:


Innate Abilities, Weirdness & Mutations

You have large cloven feet.
Your demonic aura sometimes causes spilled blood to erupt in flames.


Message History

Aiming: Freeze (safe; 4% risk of failure)
Press: ? - help, Shift-Dir - straight line, f/p - gnoll
Aim: a gnoll, wielding a +0 flail (heavily wounded)
You freeze the gnoll.
The gnoll is heavily wounded.
The gnoll hits you with a +0 flail! The gnoll hits you but does no damage.
Unknown command.
Casting: Freeze (safe; 4% risk of failure)
Confirm with . or Enter, or press ? or * to list all spells.
Aiming: Freeze (safe; 4% risk of failure)
Press: ? - help, Shift-Dir - straight line, f/p - gnoll
Aim: a gnoll, wielding a +0 flail (heavily wounded)
You freeze the gnoll.
The gnoll is heavily wounded.
The gnoll hits you with a +0 flail.
The gnoll hits you from afar with a +0 spear.
* * * LOW HITPOINT WARNING * * *
Okay, then.
A worm comes into view.
Found a book of Debilitation.
An endoplasm comes into view.
Found a stone staircase leading down.
Found a stone staircase leading down.
The endoplasm quivers.
A ball python comes into view.
Found 20 bolts.
The ball python hisses angrily.
You hit the ball python.
The ball python is moderately wounded.
The ball python barely misses you. The ball python closely misses you.
The ball python closely misses you. x2
The ball python bites you but does no damage.
The ball python misses you. The ball python misses you.
The ball python barely misses you.
An adder comes into view.
The adder hisses angrily.
The gnoll hits you with a +0 flail!
* * * LOW HITPOINT WARNING * * *
The gnoll hits you from afar with a +0 spear.
You die...

# #.# #.. # .<. ... .#
... ...# #. ##.# ..# .
.. .# . . ###.# #.#.
##...# ..# ######.@###
#.#
.......Sgg############..
...........Jg...>.......
...........##...........
..........##>...........
..S.......##..gJ........
.......(..#.....g.......
..........#.............
###########.............


You could see 3 gnolls, an adder, an endoplasm and a ball python.

Vanquished Creatures
  A gnoll (D:2)
  2 adders (D:2)
  A worm (D:1)
  5 bats
  An endoplasm (D:2)
  2 giant cockroaches
  6 goblins
  3 hobgoblins
  9 jackals
  4 kobolds (D:2)
  4 frilled lizards
  4 rats (D:1)
42 creatures vanquished.

Notes
Turn   | Place    | Note
-------+----------+-------------------------------------------
     0 | D:1      | Icepheonix32 the Demonspawn Ice Elementalist began the
                  | quest for the Orb.
     0 | D:1      | Reached XP level 1. HP: 13/13 MP: 3/3
   409 | D:1      | Gained mutation: You have large cloven feet. [demonic
                  | ancestry]
   409 | D:1      | Reached XP level 2. HP: 17/20 MP: 1/5
   906 | D:1      | Reached skill level 1 in Fighting
  1535 | D:2      | Gained mutation: Your demonic aura sometimes causes spilled
                  | blood to erupt in flames. [demonic ancestry]
  1535 | D:2      | Reached XP level 3. HP: 26/26 MP: 4/6
  1561 | D:2      | Learned a level 3 spell: Ozocubu's Armour
  1667 | D:2      | Reached skill level 4 in Ice Magic
  2038 | D:2      | Reached XP level 4. HP: 27/32 MP: 8/8
  2137 | D:2      | Slain by a gnoll

Illustrated notes

Levels and vault maps discovered:
D:1:      minmay_arrival_semitransparent, layout_loops_ring
D:2:      layout_rooms, serial_rivers, chequers_serial_rivers_micro_d,
          chequers_serial_rivers_small_b, chequers_serial_rivers_micro_d,
          chequers_serial_rivers_micro_c, minmay_joined_circles

Skill      XL: |  1  2  3 |
---------------+----------+-----
Fighting       | 1 |  1.4
Stealth        | 2 |  2.0
Ice Magic      | 4 |  4.1
Dodging        | 2 |  2.0
Short Blades   | |  0.3
Armour         | |  0.4
Unarmed Combat | |  0.1
Spellcasting   | |  2.7

Action                   |  1- 3 |  4- 6 || total
-------------------------+-------+-------++-------
Melee: Unarmed           |    41 |       ||    41
       Dagger            |    72 |     1 ||    73
       Kick              |    15 |       ||    15
       Punch             |     2 |       ||     2
 Cast: Freeze            |    36 |     4 ||    40
  Use: Scroll            |     2 |       ||     2
 Stab: Sleeping          |     2 |       ||     2
Armor: Robe              |    21 |       ||    21
       Leather armour    |    50 |     3 ||    53
Dodge: Dodged            |   107 |     7 ||   114
